 Dungeon Crawl Stone Soup version 0.30-a0-377-g5cb311bc9f (webtiles) character file.

Game seed: 4646898322601112831

39 tio the Conjurer (level 3, 0/19 HPs)
             Began as a Kobold Conjurer on Nov 28, 2022.
             Slain by a quokka (4 damage)
             ... on level 2 of the Dungeon.
             The game lasted 00:05:51 (1156 turns).

tio the Conjurer (Kobold Conjurer)                  Turns: 1156, Time: 00:05:52

Health: 0/19       AC:  2    Str:  4    XL:     3   Next: 70%
Magic:  6/6        EV: 14    Int: 21    God:
Gold:   57         SH:  0    Dex: 13    Spells: 4/6 levels left

rFire   . . .      SeeInvis .    d - +0 mace
rCold   . . .      Faith    .    (no shield)
rNeg    . . .      Spirit   .    a - +0 robe
rPois   .          Reflect  .    (no helmet)
rElec   .          Harm     .    (no cloak)
rCorr   .          Rampage  .    (no gloves)
Will    .....                    (no boots)
Stlth   +++.......               (no amulet)
HPRegen 0.23/turn                f - ring of flight
MPRegen 0.10/turn                (no ring)

@: on berserk cooldown, flying
A: small, no large weapons, nightstalker 3
a: no special abilities


You were on level 2 of the Dungeon.
You visited 1 branch of the dungeon, and saw 2 of its levels.

You collected 57 gold pieces.

Inventory:

Hand Weapons
 d - a +0 mace (weapon)
Armour
 a - a +0 robe (worn)
Jewellery
 f - a ring of flight (left hand)
Scrolls
 c - a scroll of torment {unknown}
 e - a scroll of identify {unknown}
Potions
 b - a potion of magic
 g - a potion of flight {unknown}


   Skills:
 + Level 0.1 Maces & Flails
 + Level 2.4 Dodging
 + Level 2.9 Stealth
 + Level 0.2 Unarmed Combat
 + Level 2.4 Spellcasting
 + Level 4.8 Conjurations


You had 4 spell levels left.
You knew the following spells:

 Your Spells              Type           Power      Damage    Failure   Level
a - Magic Dart            Conj           92%        1d7       1%          1
b - Kiss of Death         Conj/Necr      48%        2d9       5%          1

Your spell library contained the following spells:

 Spells                   Type           Power      Damage    Failure   Level
 Searing Ray              Conj           46%        2d6       2%          2
 Dazzling Flash           Conj/Hex       24%        N/A       16%         3
 Confusing Touch          Hex            2%         N/A       38%         3
 Gell's Gravitas          Tloc           2%         N/A       38%         3
 Lesser Beckoning         Tloc           4%         N/A       38%         3
 Teleport Other           Tloc           2%         N/A       38%         3
 Fulminant Prism          Conj/Hex       6%         3d7       45%         4
 Iskenderun's Mystic Bla  Conj/Tloc      12%        2d5       45%         4
 Dispel Undead            Necr           2%         3d7       80%         4


Dungeon Overview and Level Annotations

Branches:
Dungeon (2/15)

Altars:


Innate Abilities, Weirdness & Mutations

You are small and have problems with some larger weapons.
You are completely attuned to the shadows.


Message History

The quokka completely misses you.
You are too injured to fight recklessly!
You are too injured to fight recklessly!
You are too injured to fight recklessly!
You are too injured to fight recklessly!
The quokka misses you. The quokka attacks as you move away!
The quokka misses you. The quokka closely misses you.
You closely miss the quokka. The quokka completely misses you.
The quokka closely misses you. The quokka bites you.
* * * LOW HITPOINT WARNING * * *
You barely miss the quokka.
The quokka bites you but does no damage.
The quokka closely misses you. The quokka misses you.
The quokka barely misses you.
The quokka bites you but does no damage.
You hit the quokka.
The quokka is moderately wounded.
The quokka barely misses you. x2; The quokka completely misses you.
You closely miss the quokka.
The quokka is moderately wounded.
The quokka misses you. The quokka closely misses you.
The quokka barely misses you. The quokka attacks as you move away!
The quokka barely misses you. The quokka misses you.
You hit the quokka but do no damage.
The quokka is moderately wounded.
You feel yourself speed up. The quokka closely misses you.
The quokka bites you.
* * * LOW HITPOINT WARNING * * *
The quokka misses you.
The quokka bites you but does no damage.
The quokka completely misses you. The quokka barely misses you.
The quokka attacks as you move away! The quokka misses you.
The quokka attacks as you move away! The quokka bites you.
* * * LOW HITPOINT WARNING * * *
The quokka attacks as you move away! The quokka bites you.
You die...

....... ### ........## ...
......... # #####(##...
##. # .........# ###... #
.......).####...## #
.........@r...)..#########
#####....##......##.......
####.##.....)#..######
##.#.....).....#####
###............#.....#
#.††.##.....########.#
#.##.##....)# #..
######.##........# ####
#.....)####..#.### ###...


You could see a quokka.

Vanquished Creatures
  A worm (D:2)
  2 dart slugs
  4 endoplasms
  5 giant cockroaches
  A goblin (D:1)
  2 hobgoblins (D:2)
  5 kobolds (D:2)
  2 quokkas (D:1)
  A ball python (D:2)
  2 bats
  A frilled lizard (D:2)
  4 rats
30 creatures vanquished.

Notes
Turn   | Place    | Note
-------+----------+-------------------------------------------
     0 | D:1      | tio the Kobold Conjurer began the quest for the Orb.
     0 | D:1      | Reached XP level 1. HP: 10/10 MP: 3/3
   151 | D:1      | Identified a scroll of acquirement
   151 | D:1      | Acquired a book of Touch
   158 | D:1      | Learned a level 1 spell: Kiss of Death
   212 | D:1      | Reached XP level 2. HP: 15/15 MP: 1/5
   688 | D:1      | You fall into a shaft and drop 1 floor!
   825 | D:2      | Reached XP level 3. HP: 19/19 MP: 4/6
  1156 | D:2      | Slain by a quokka

Illustrated notes

Levels and vault maps discovered:
D:1:      dpeg_arrival_tiny_j, layout_basic, minmay_surrounded
D:2:      layout_rooms

Action                   || total
-------------------------++-------
Melee: Unarmed           ||     9
       Mace              ||    31
       Punch             ||     2
 Cast: Magic Dart        ||    44
  Use: Scroll            ||     1
       Potion            ||     1
Armor: Robe              ||    11
Dodge: Dodged            ||    53

Table legend: (Time is in decaauts)
 A = Elapsed time spent in this place.
 B = Non-inter-level travel time spent in this place.
 C = Inter-level travel time spent in this place.
 D = Time resting spent in this place.
 E = Time spent auto-exploring this place.
 F = Levels seen in this place.
 G = Mean time per level.
                   A        B        C        D        E       F      G
               +--------+--------+--------+--------+--------+-----+--------+
         Total |   1186 |   1156 |     30 |      0 |    956 |   2 |  593.0 |
       Dungeon |   1186 |   1156 |     30 |      0 |    956 |   2 |  593.0 |
               +--------+--------+--------+--------+--------+-----+--------+

Top non-repeatable levels by time:
     D:1: 698 daAuts
     D:2: 487 daAuts
